 Dungeon Crawl Stone Soup version 0.17.1-1-g73c8601 (webtiles) character file.

108 Flanowski the Sneak (level 4, -2/23 HPs)
             Began as a Vine Stalker Assassin on Dec 31, 2015.
             Slain by Grinder (5 damage)
             ... while paralysed by Grinder
             ... on level 3 of the Dungeon.
             The game lasted 00:02:58 (1469 turns).

Flanowski the Sneak (Vine Stalker Assassin)         Turns: 1469, Time: 00:02:59

Health: -2/23      AC:  3    Str: 14    XL:     4   Next: 87%
Magic:  0/5        EV:  2    Int: 11    God:
Gold:   114        SH:  0    Dex: 16    Spells: 0 memorised, 3 levels left

rFire  . . .     SeeInvis .     m - +0 dagger (curse)
rCold  . . .     Clarity  .     c - +0 robe
rNeg   . . .     SustAt   .     (no shield)
rPois  .         Gourm    .     (no helmet)
rElec  .         Spirit   +     d - +0 cloak
rCorr  .         Warding  .     (no gloves)
rMut   .         Stasis   .     (no boots)
MR     .....                    (no amulet)
Stlth  +++.......               (no ring)
                                n - ring of flight

@: paralysed, not resistant to hostile enchantments, fairly stealthy
A: fangs 2, regeneration 1, magic shield, antimagic bite, no device heal 3, rot
immunity
a: Evoke Flight


You were on level 3 of the Dungeon.
You were not hungry.

You visited 1 branch of the dungeon, and saw 3 of its levels.

You collected 114 gold pieces.

Inventory:

Hand Weapons
 a - a +3 dagger
 b - a +0 blowgun
 m - a cursed +0 dagger (weapon)
Missiles
 e - 10 poisoned needles
 f - 2 curare-tipped needles
Armour
 c - a +0 robe (worn)
 d - a +0 cloak (worn)
Jewellery
 n - a ring of flight (left hand)
Scrolls
 t - a scroll of immolation {unknown}
Potions
 h - a potion of magic {unknown}
 i - a potion of might {unknown}
 k - 2 potions of curing {unknown}
 o - 2 potions of degeneration {unknown}
 p - a potion of agility {unknown}
 r - a potion of ambrosia {unknown}
 s - 2 potions of mutation {unknown}
Comestibles
 g - 3 bread rations
 j - a beef jerky
 l - 5 fruits
 q - 2 slices of pizza


   Skills:
 + Level 1.9 Fighting
 + Level 2.1 Short Blades
 + Level 1.8 Throwing
 * Level 1.9 Dodging
 + Level 6.7 Stealth


You had 3 spell levels left.
You didn't know any spells.

Dungeon Overview and Level Annotations

Branches:
Dungeon (3/15)

Altars:

Annotations:
D:3 Grinder


Innate Abilities, Weirdness & Mutations

You have extremely sharp teeth.
Your natural rate of healing is unusually fast.
When hurt, damage is shared between your health and your magic reserves.
Your bite disrupts and absorbs the magic of your enemies.
Potions and wands cannot restore your health.
You are immune to rotting.


Message History

You see here 7 gold pieces.
Grinder hits you!
You barely miss Grinder. Grinder hits you.
You writhe in agony.
You closely miss Grinder. You bite Grinder, but do no damage.
Grinder closely misses you.
You hit Grinder. You bite Grinder, but do no damage.
Grinder is lightly wounded.
You hit Grinder.
Grinder is lightly wounded.
Grinder gestures.
Grinder blinks!
Grinder gestures at you.
You suddenly lose the ability to move!
Grinder gestures at you.
You struggle to resist.
Grinder hits you.
You writhe in agony.
You writhe in agony.
Grinder hits you!
* * * LOW HITPOINT WARNING * * *
You writhe in agony.
You die...

##...........# ...
/...........#
...##...........#
...............#
#.............# ####
#.............# ....
#..........5..#
....###.....$...@...#
.....##.............#
.....####...........#
.....####...........#
....................+
.....####...........#
...............#......
....############.......
....# .......


You could see Grinder.

Vanquished Creatures
  6 adders
  An ooze (D:1)
  2 worms (D:2)
  A giant gecko (D:1)
  2 giant cockroaches
  6 hobgoblins
  2 jackals (D:2)
  5 kobolds
  6 bats
  3 giant newts (D:2)
  8 goblins
  4 rats
46 creatures vanquished.

Notes
Turn   | Place    | Note
--------------------------------------------------------------
     0 | D:1      | Flanowski the Vine Stalker Assassin began the quest for the Orb.
     0 | D:1      | Reached XP level 1. HP: 11/11 MP: 2/2
   164 | D:1      | Reached skill level 5 in Stealth
   249 | D:1      | Reached skill level 1 in Dodging
   257 | D:1      | Reached XP level 2. HP: 13/15 MP: 3/3
   606 | D:1      | Reached XP level 3. HP: 18/18 MP: 4/4
   812 | D:2      | Reached skill level 6 in Stealth
   898 | D:2      | Reached XP level 4. HP: 23/23 MP: 5/5
  1458 | D:3      | Noticed Grinder
  1466 | D:3      | Paralysed by Grinder for 6 turns
  1469 | D:3      | Slain by Grinder

Action                   |  1- 3 |  4- 6 || total
-------------------------+-------+-------++-------
Melee: Dagger            |    90 |    46 ||   136
  Use: Scroll            |     2 |       ||     2
 Stab: Sleeping          |     6 |     9 ||    15
  Eat: Chunk             |       |     2 ||     2
